 Dungeon Crawl Stone Soup version 0.28.0-43-g3370ac3207 (webtiles) character file.

Game seed: 13480809342832670739

2218 Jerry the Grappler (level 9, 0/76 HPs)
             Began as a Troll Hunter on Mar 21, 2022.
             Was a High Priest of Jiyva.
             Slain by a seven-headed hydra (5 damage)
             ... on level 7 of the Dungeon.
             The game lasted 00:17:26 (5293 turns).

Jerry the Grappler (Troll Hunter)                   Turns: 5293, Time: 00:17:26

Health: 0/76       AC:  5    Str: 22    XL:     9   Next: 13%
Magic:  8/8        EV: 12    Int:  7    God:    Jiyva [*****.]
Gold:   439        SH:  0    Dex: 16    Spells: 8/8 levels left

rFire   + + .      SeeInvis .     - Unarmed
rCold   . . .      Faith    .   (no shield)
rNeg    + . .      Spirit   .   r - +1 robe {rN+}
rPois   .          Reflect  .   (helmet restricted)
rElec   .          Harm     .   e - +0 cloak
rCorr   +          Rampage  .   (gloves unavailable)
Will    .....                   (boots unavailable)
Stlth   ++++++....              (no amulet)
HPRegen 2.46/turn               (no ring)
MPRegen 0.56/turn               (no ring)

@: no status effects
A: large, unfitting armour, claws 3, regeneration 1, shaggy fur 1, tough skin 1,
thin skeletal structure 1, camouflage 3, fire resistance 2, pseudopods 1
a: Renounce Religion, Oozemancy, Slimify


You were on level 7 of the Dungeon.
You worshipped Jiyva.
Jiyva was extremely pleased with you.
You visited 2 branches of the dungeon, and saw 8 of its levels.
You also visited: Ossuary.

You collected 439 gold pieces.

Inventory:

Missiles
 c - 5 large rocks (quivered)
 d - 2 throwing nets
Armour
 e - a +0 cloak (worn)
 r - a +1 robe of positive energy (worn)
Jewellery
 o - a ring of fire
Scrolls
 a - a scroll of identify
 g - 2 scrolls of immolation
 h - a scroll of teleportation
 m - a scroll of magic mapping
Potions
 f - a potion of cancellation
 i - a potion of heal wounds
 k - 3 potions of curing
 l - a potion of ambrosia {unknown}
 q - 2 potions of attraction {unknown}


   Skills:
 - Level 1.5 Fighting
 + Level 6.7 Throwing
 + Level 5.2 Dodging
 - Level 0.3 Stealth
 * Level 8.5 Unarmed Combat


You had 8 spell levels left.
You didn't know any spells.
Your spell library contained the following spells:

 Spells                   Type           Power      Damage    Failure   Level
 Static Discharge         Conj/Air       0%         N/A       56%         2
 Dispel Undead            Necr           0%         3d6       99%         4
 Sticky Flame             Conj/Fire      0%         2d3       99%         4


Dungeon Overview and Level Annotations

Branches:
Dungeon (7/15)             Temple (1/1) D:6         Ossuary (visited)

Altars:
Ashenzari
Cheibriados
Dithmenos
Elyvilon
Fedhas
Gozag
Hepliaklqana
Kikubaaqudgha
Makhleb
Nemelex Xobeh
Okawaru
Ru
Sif Muna
Trog
Uskayaw
Vehumet
Wu Jian
Xom
Yredelemnul
Zin
The Shining One
Jiyva

Shops:
D:5 ?


Innate Abilities, Weirdness & Mutations

You are too large for most types of armour.
You have claws for hands.
Your natural rate of healing is unusually fast.
You are covered in fur. (AC +1)
You have tough skin. (AC +1)
You have a somewhat thin skeletal structure. (Dex +2, Stealth+)
Your skin perfectly mimics your surroundings (Stealth+++).
Your flesh is very heat resistant. (rF++)
Armour fits poorly on your pseudopods.


Message History

Something shouts, "Admit defeat, thou unhinged spur-galled gnoll-tail!"
You hear a roar!
You hear an angry hiss.
You claw the two-headed ogre!
The two-headed ogre is severely wounded.
The two-headed ogre hits you with a +0 giant spiked club!
The two-headed ogre hits you with a +0 giant club!!
You shudder from the blow and a jelly pops out!
You scratch the two-headed ogre.
Your bludgeon misses the two-headed ogre.
The two-headed ogre is almost dead.
You scratch the two-headed ogre but do no damage.
You bludgeon the two-headed ogre, but do no damage.
The two-headed ogre is almost dead.
The two-headed ogre hits you with a +0 giant spiked club!
The two-headed ogre completely misses you.
The kobold demonologist gestures wildly while chanting.
Send 'em back where they came from!
Your rockslime dissolves into a puddle of slime!
You claw the two-headed ogre!
You kill the two-headed ogre!
The bullfrog closely misses you.
The kobold demonologist begins to cast a cantrip, but forgets the words!
You have reached level 9!
Your experience leads to an increase in your attributes!
Your base attributes are Str 21, Int 7, Dex 12.
Increase (S)trength, (I)ntelligence, or (D)exterity?
You feel agile. x2; You feel stronger.
The howler monkey hoots and howls with incredible vigour!
A seven-headed hydra comes into view.
The bullfrog misses you.
You hear a shout!
The seven-headed hydra bites you!
The seven-headed hydra closely misses you.
The seven-headed hydra bites you.
* * * LOW HITPOINT WARNING * * *
The seven-headed hydra bites you!
* * * LOW HITPOINT WARNING * * *
The seven-headed hydra barely misses you.
The seven-headed hydra bites you.
You die...

..*..#,,,#..*K#,,,,**,*,* *,
..#,..#,#..,#.#,,,,,*,*,**** *,
,......#......*,,8,,*,,,,,,* **,
,,#...#K#...#,*,,,,,*,#,**,****,,
,,*..#...#..*,**,,,**.#,**,,,,,,,
*,#.#..K.O#.#,,**###..*,*******,,
,,*#.K..K..#**,,,...,**,,* ***
,.#####K#########.#####.,* *
#......KKh.h...F@D......,* *
##.###.#.#########.####.,* #,*
#...# *,#**,,,** #.###.########
*,,,,,,,,** #.......J....#
***,,,,,,,**** ##....######.#
*,,,,,,,,,,,* #.#### #.#
**,,,,,,,**,* #.*
#.#######.,,,,***,* #,*
#.....J...,,,** *,*


You could see a seven-headed hydra, a black bear, a bullfrog and a howler
monkey.

Vanquished Creatures
  A two-headed ogre (D:7)
  A water moccasin (D:6)
  Duvessa (D:6)
  2 sky beasts (D:6)
  2 ogres
  A centaur (D:6)
  A phantom (D:4)
  A kobold brigand (D:7)
  2 scorpions
  Dowan (D:6)
  A water moccasin skeleton (D:6)
  4 centaur zombies
  A bullfrog zombie (D:6)
  2 human zombies (D:4)
  3 orc priests (D:6)
  4 iguanas
  3 human skeletons (D:4)
  An orc wizard (D:6)
  A hound skeleton (D:4)
  2 mummies (Ossuary)
  A howler monkey zombie (D:3)
  8 adders
  5 gnolls
  An ufetubus (D:7)
  A worm (D:2)
  4 dart slugs
  4 orcs
  4 giant cockroaches
  4 gnoll zombies (Ossuary)
  6 goblins
  3 hobgoblins
  2 jackals (D:5)
  2 quokkas
  3 ball pythons
  8 bats
  A goblin zombie (Ossuary)
  3 hobgoblin zombies (Ossuary)
  9 kobolds
  An orc skeleton (D:4)
  5 orc zombies (Ossuary)
  3 rats
113 creatures vanquished.

Vanquished Creatures (collateral kills)
  An orc warrior (D:6)
  An orc priest (D:6)
  An orc wizard (D:6)
3 creatures vanquished.

Vanquished Creatures (others)
  8 jellies
  An adder (D:2)
  A gnoll (D:5)
  An endoplasm (D:3)
  6 orcs
  2 bats (D:3)
  3 hobgoblins
  A quokka (D:2)
  2 kobolds
  28 plants (D:5)
53 creatures vanquished.

Grand Total: 169 creatures vanquished

Notes
Turn   | Place    | Note
-------+----------+-------------------------------------------
     0 | D:1      | Jerry the Troll Hunter began the quest for the Orb.
     0 | D:1      | Reached XP level 1. HP: 19/19 MP: 0/0
   189 | D:1      | Found a faded altar of an unknown god.
   196 | D:1      | Prayed at the altar of an unknown god.
   196 | D:1      | Became a worshipper of Jiyva Jazeudd the Shapeless
   196 | D:1      | Reached * piety under Jiyva
   261 | D:1      | Reached skill level 1 in Unarmed Combat
   261 | D:1      | Reached XP level 2. HP: 24/27 MP: 1/1
   597 | D:1      | Reached ** piety under Jiyva
   621 | D:1      | Reached XP level 3. HP: 33/33 MP: 2/2
   995 | D:2      | Reached skill level 2 in Unarmed Combat
  1189 | D:3      | Reached XP level 4. HP: 41/41 MP: 3/3
  1398 | D:3      | Reached *** piety under Jiyva
  1432 | D:3      | Gained mutation: Your flesh is heat resistant. (rF+)
                  | [Jiyva's grace]
  1432 | D:3      | Gained mutation: Your flesh is very heat resistant. (rF++)
                  | [Jiyva's grace]
  1432 | D:3      | Gained mutation: Your flesh is almost immune to the effects
                  | of heat. (rF+++) [Jiyva's grace]
  1432 | D:3      | Gained mutation: Armour fits poorly on your pseudopods.
                  | [Jiyva's grace]
  1896 | D:4      | Reached skill level 3 in Unarmed Combat
  1900 | D:4      | Reached XP level 5. HP: 48/48 MP: 4/4
  1901 | D:4      | Found a sand-covered staircase.
  1952 | Ossuary  | Entered an ossuary
  2036 | Ossuary  | Reached XP level 6. HP: 55/55 MP: 5/5
  2097 | Ossuary  | Reached skill level 4 in Unarmed Combat
  2338 | D:4      | Reached **** piety under Jiyva
  3138 | D:5      | Entered Level 5 of the Dungeon
  3201 | D:5      | Reached skill level 5 in Throwing
  3235 | D:5      | Reached skill level 5 in Unarmed Combat
  3235 | D:5      | Reached XP level 7. HP: 62/62 MP: 6/6
  3398 | D:5      | Lost mutation: Your flesh is almost immune to the effects
                  | of heat. (rF+++) [Jiyva's grace]
  3398 | D:5      | Gained mutation: Your skin changes colour to match your
                  | surroundings (Stealth+). [Jiyva's grace]
  3398 | D:5      | Gained mutation: Your skin blends seamlessly with your
                  | surroundings (Stealth++). [Jiyva's grace]
  3398 | D:5      | Gained mutation: Your skin perfectly mimics your
                  | surroundings (Stealth+++). [Jiyva's grace]
  3398 | D:5      | Gained mutation: You have a somewhat thin skeletal
                  | structure. (Dex +2, Stealth+) [Jiyva's grace]
  3436 | D:5      | Found Dojaxaj's Magic Scroll Shop.
  3544 | D:5      | Reached ***** piety under Jiyva
  4092 | D:6      | Reached skill level 6 in Unarmed Combat
  4171 | D:6      | Reached XP level 8. HP: 37/70 MP: 7/7
  4240 | D:6      | Noticed Duvessa
  4241 | D:6      | Noticed Dowan
  4252 | D:6      | Killed Duvessa
  4263 | D:6      | Killed Dowan
  4332 | D:6      | Reached skill level 7 in Unarmed Combat
  4407 | D:6      | Found a staircase to the Ecumenical Temple.
  4415 | Temple   | Entered the Ecumenical Temple
  5078 | D:6      | Reached skill level 5 in Dodging
  5184 | D:7      | Reached skill level 8 in Unarmed Combat
  5271 | D:7      | Noticed a two-headed ogre
  5273 | D:7      | Noticed a kobold demonologist
  5273 | D:7      | Noticed a kobold demonologist
  5289 | D:7      | Killed a two-headed ogre
  5290 | D:7      | Reached XP level 9. HP: 28/76 MP: 8/8
  5291 | D:7      | Noticed a seven-headed hydra
  5293 | D:7      | Slain by a seven-headed hydra

Illustrated notes

Levels and vault maps discovered:
D:1:      dpeg_arrival_subterranean_lakeside_camping, layout_loops_ring,
          dreamdust_ecumenical_altar_hidden_monk_grotto
D:2:      layout_basic
D:3:      layout_basic
D:4:      layout_basic, nicolae_ossuary_entry_catacombs
D:5:      layout_basic, serial_shops, nicolae_shop_waterfront, st_stairs_13,
          serial_bayou_lagoon_b
D:6:      layout_basic, minmay_temple_entry_ruins, hangedman_decor_push,
          minivault_25, uniq_duvessa
D:7:      layout_loops_ring, minmay_the_grid_2x2 [minmay_the_grid_plusring,
          minmay_the_grid_minigrid_small, minmay_the_grid_x,
          minmay_the_grid_prize_inner_circle]
Temple:   mainiacjoe_temple_trianglar_array

Skill      XL: |  1  2  3  4  5  6  7  8 |
---------------+-------------------------+-----
Unarmed Combat | 1 2 3 5 6 8 |  8.5
Dodging        | 2 3 4 5 |  5.2
Throwing       | 4 5 6 |  6.7
Fighting       | |  1.5
Stealth        | |  0.3

Action                   |  1- 3 |  4- 6 |  7- 9 || total
-------------------------+-------+-------+-------++-------
Melee: Unarmed           |    86 |   159 |   174 ||   419
       Punch             |     1 |     3 |     5 ||     9
       Pseudopods        |       |    33 |    21 ||    54
Throw: Large rock        |       |       |     2 ||     2
  Use: Scroll            |       |       |    10 ||    10
 Stab: Sleeping          |     4 |     5 |     6 ||    15
Armor: Robe              |    34 |    41 |    39 ||   114
Dodge: Dodged            |    44 |    55 |    91 ||   190
